 Dungeon Crawl Stone Soup version 0.21-a0-39-g28ea6b7 (webtiles) character file.

15137 tof the Cruncher (level 11, -2/101 HPs)
             Began as a Minotaur Gladiator on June 1, 2017.
             Was an Elder of Wu Jian.
             Shot with a bolt by an orc warrior (8 damage)
             ... in a bailey.
             The game lasted 00:34:32 (11889 turns).

tof the Cruncher (Minotaur Gladiator)              Turns: 11889, Time: 00:34:32

Health: -2/101     AC: 16    Str: 22    XL:     11   Next: 97%
Magic:  10/10      EV: 10    Int:  5    God:    Wu Jian [****..]
Gold:   563        SH:  3    Dex: 12    Spells: 10/10 levels left

rFire    + . .     SeeInvis .   a - +0 quarterstaff
rCold    . . .     Gourm    .   (shield currently unavailable)
rNeg     . . .     Faith    .   J - +0 chain mail
rPois    .         Spirit   .   (helmet unavailable)
rElec    .         Reflect  +   j - +0 cloak
rCorr    .         Harm     .   s - +0 pair of gloves
MR       .....                  k - +0 pair of boots
Stlth    ..........             I - +3 amulet of reflection
Regen    0.3/turn               B - +1 ring of slaying
MPRegen  0.2/turn               C - ring of protection from fire

@: no status effects
A: retaliatory headbutt, horns 3, sense surroundings 1, subdued magic 1
a: Serpent's Lash, Renounce Religion


You were in a bailey.
You worshipped Wu Jian.
Wu Jian was greatly pleased with you.
You were not hungry.

You visited 2 branches of the dungeon, and saw 13 of its levels.
You also visited: Bailey.

You collected 563 gold pieces.

Inventory:

Hand Weapons
 a - a +0 quarterstaff (weapon)
Missiles
 d - 3 throwing nets
 o - 30 poisoned needles
 x - 6 curare-tipped needles
 R - 5 poisoned tomahawks
 U - 8 javelins of penetration (quivered)
Armour
 j - a +0 cloak (worn)
 k - a +0 pair of boots (worn)
 s - a +0 pair of gloves (worn)
 J - a +0 chain mail (worn)
 Q - a +1 hat
Jewellery
 B - a +1 ring of slaying (left hand)
 C - a ring of protection from fire (right hand)
 I - a +3 amulet of reflection (around neck)
 N - an uncursed amulet of regeneration
Wands
 c - a wand of paralysis (9/24)
 e - a wand of iceblast (6/15)
 y - a wand of polymorph (7/24)
 z - a wand of digging (17/24)
 H - a wand of flame (34/48)
 P - a wand of flame (18/48)
 S - a wand of flame (14/48)
Scrolls
 g - 6 scrolls of teleportation
 u - 2 scrolls of magic mapping
 D - 5 scrolls of fog
 F - 3 scrolls of blinking
 G - 5 scrolls of remove curse
 L - a scroll of enchant weapon
 M - a scroll of recharging
Potions
 b - a potion of ambrosia {unknown}
 h - 3 potions of curing {unknown}
 i - 3 potions of lignification {unknown}
 l - a potion of haste {unknown}
 m - a potion of berserk rage {unknown}
 n - 3 potions of heal wounds {unknown}
 r - 3 potions of agility {unknown}
 A - a potion of flight {unknown}
 E - 3 potions of mutation {unknown}
Miscellaneous
 T - a phantom mirror
Comestibles
 f - 7 bread rations
 p - 9 royal jellies
 t - 7 meat rations
 v - 33 fruits


   Skills:
 + Level 10.9 Fighting
 + Level 14.0 Staves
 + Level 9.3 Throwing
 + Level 10.8 Armour
 - Level 3.2 Dodging


You had 10 spell levels left.
You didn't know any spells.

Dungeon Overview and Level Annotations

Branches:
Dungeon (12/15)            Temple (1/1) D:5            Lair (0/6) D:9
    Orc (0/2) D:10

Altars:
Ashenzari
Cheibriados
Elyvilon
Fedhas
Gozag
Hepliaklqana
Makhleb
Nemelex Xobeh
Okawaru
Ru
Sif Muna
Trog
Uskayaw
Vehumet
Wu Jian
Xom
Yredelemnul
Zin
The Shining One

Shops:
D:4 }   D:11 [


Innate Abilities, Weirdness & Mutations

You reflexively headbutt those who attack you in melee.
You have a pair of large horns on your head.
You passively map a small area around you.
Your spells are a little easier to cast, but a little less powerful.


Message History

The orc warrior shoots a bolt.
The bolt hits you!
* * * LOW HITPOINT WARNING * * *
The orc warrior shoots a bolt.
The bolt hits you but does no damage.
Items here: ( ) [ † 2 bolts; a spear; a scale mail; an orc corpse The orc warrior shoots a bolt.
The bolt closely misses you.
The bolt hits the orc warrior!!
The orc warrior shoots a bolt.
The bolt hits you!!
* * * LOW HITPOINT WARNING * * *
You see here a bolt.
You lunge at the orc warrior.
You closely miss the orc warrior.
Okay, then.
Okay, then.
As you read the scroll of fear, it crumbles to dust.
You assume a fearsome visage.
The orc warrior looks frightened! x2
Okay, then.
You have no room to wall jump.
Cornered, the orc warrior turns to fight!
The orc warrior shoots a bolt.
The bolt hits you!
You die...

### ###
##o###########∩## ##
#?..##.....##...##..
#=..#..≈≈≈..#...#..≈
#.(.#.≈≈o≈≈.......≈≈
#.(@(.≈ooo≈.......≈o
#$..#.≈≈o≈≈.......≈≈
#?..#..≈≈≈..#...#..≈
#.(.##.....##.∩.# ..
##o###########∩## #
### ###


You could see 7 orc warriors.

Vanquished Creatures
  2 hydras
  3 two-headed ogres
  The ghost of seren the Slicer, a novice HaFi of Uskayaw (D:8)
  Nergalle (D:11)
  Pikel (D:5)
  A cyclops (D:11)
  An ugly thing (D:11)
  A manticore (D:8)
  Psyche (D:10)
  3 centaur skeletons
  2 trolls
  The ghost of tof the Poker, an amateur MfGl (D:4)
  4 hippogriffs
  A wyvern (D:10)
  A shadow (D:10)
  9 yaks
  A hungry ghost (D:11)
  A steam dragon (D:11)
  The ghost of Borgoz the Skirmisher, an amateur GrAK of Lugonu (D:5)
  A water moccasin (D:7)
  A black bear (D:11)
  2 orc warriors
  2 sky beasts
  An ice beast (D:11)
  2 necrophages
  5 ogres
  5 centaurs
  2 phantoms
  A crocodile (D:9)
  2 big kobolds
  Blork the orc (D:5)
  15 bullfrogs
  A wyvern zombie (D:10)
  A wyvern skeleton (D:11)
  4 scorpions
  A water moccasin skeleton (D:10)
  3 killer bees (D:8)
  A howler monkey (D:6)
  A bullfrog zombie (D:9)
  5 crimson imps
  A centaur zombie (D:12)
  7 hounds
  A quasit (D:12)
  4 orc priests
  12 orc wizards
  4 worker ants
  2 hound zombies (D:9)
  A howler monkey zombie (D:8)
  7 gnolls
  10 adders
  5 shadow imps
  2 oozes (D:7)
  An adder skeleton (D:4)
  A worm (D:2)
  A dart slug (D:1)
  6 leopard geckos
  37 orcs
  4 bats
  5 giant cockroaches
  9 goblins
  7 hobgoblins
  15 jackals
  13 kobolds
  4 quokkas
  A ball python zombie (D:6)
  10 frilled lizards
  A leopard gecko zombie (D:8)
  A quokka skeleton (D:10)
  5 rats
270 creatures vanquished.

Vanquished Creatures (others)
  An adder (D:5)
  An orc (D:5)
  A frilled lizard (D:5)
3 creatures vanquished.

Grand Total: 273 creatures vanquished

Notes
Turn   | Place    | Note
-------+----------+-------------------------------------------
     0 | D:1      | tof the Minotaur Gladiator began the quest for the Orb.
     0 | D:1      | Reached XP level 1. HP: 18/18 MP: 0/0
    96 | D:1      | Reached skill level 4 in Staves
   160 | D:1      | Reached XP level 2. HP: 23/25 MP: 1/1
   446 | D:1      | Reached skill level 1 in Armour
   448 | D:1      | Reached XP level 3. HP: 28/31 MP: 2/2
  1213 | D:2      | Found a sparkling altar of Nemelex Xobeh.
  1406 | D:3      | Reached XP level 4. HP: 38/38 MP: 3/3
  1661 | D:3      | Reached skill level 5 in Staves
  1813 | D:3      | Reached XP level 5. HP: 45/45 MP: 4/4
  2250 | D:4      | Noticed tof's ghost (amateur MfGl)
  2261 | D:4      | Killed tof's ghost
  2261 | D:4      | Reached skill level 6 in Staves
  2261 | D:4      | Reached XP level 6. HP: 17/52 MP: 5/5
  2538 | D:4      | Found Aveth's Gadget Emporium.
  2745 | D:4      | Reached XP level 7. HP: 60/60 MP: 6/6
  3043 | D:5      | Entered Level 5 of the Dungeon
  3049 | D:5      | Noticed Borgoz's ghost (amateur GrAK)
  3067 | D:5      | Killed Borgoz's ghost
  3067 | D:5      | Reached skill level 7 in Staves
  3366 | D:5      | Noticed Pikel
  3374 | D:5      | Killed Pikel
  3374 | D:5      | Reached skill level 5 in Fighting
  3374 | D:5      | Reached skill level 8 in Staves
  3374 | D:5      | Reached skill level 5 in Armour
  3374 | D:5      | Reached XP level 8. HP: 50/69 MP: 7/7
  3533 | D:5      | Found a staircase to the Ecumenical Temple.
  3543 | Temple   | Entered the Ecumenical Temple
  3685 | Temple   | Became a worshipper of the Wu Jian Council
  3710 | D:5      | Noticed Blork the orc
  3716 | D:5      | Killed Blork the orc
  3808 | D:5      | Found a bloodstained altar of Trog.
  4661 | D:6      | Reached skill level 9 in Staves
  4661 | D:6      | Reached skill level 5 in Throwing
  5544 | D:7      | Reached XP level 9. HP: 65/78 MP: 8/8
  5734 | D:7      | Reached * piety under Wu Jian
  6323 | D:8      | Noticed a two-headed ogre
  6332 | D:8      | Killed a two-headed ogre
  6332 | D:8      | Reached skill level 10 in Staves
  6433 | D:8      | Noticed seren's ghost (novice HaFi)
  6482 | D:8      | Killed seren's ghost
  6482 | D:8      | Reached skill level 11 in Staves
  7049 | D:8      | Noticed a manticore
  7056 | D:8      | Killed a manticore
  7056 | D:8      | Reached XP level 10. HP: 74/88 MP: 9/9
  7069 | D:8      | Found a sparkling altar of Nemelex Xobeh.
  7212 | D:8      | Reached ** piety under Wu Jian
  7884 | D:9      | You fall through a shaft for 2 floors!
  7961 | D:11     | Found Dyfoggia's Armour Shop.
  8229 | D:11     | Noticed a cyclops
  8260 | D:11     | Killed a cyclops
  8338 | D:11     | Reached skill level 12 in Staves
  8354 | D:10     | Entered Level 10 of the Dungeon
  9060 | D:9      | Reached *** piety under Wu Jian
  9075 | D:9      | Reached XP level 11. HP: 76/97 MP: 10/10
  9079 | D:9      | Reached skill level 13 in Staves
  9442 | D:9      | Gained mutation: Your spells are a little easier to cast, but a little less powerful. [mutagenic meat]
  9443 | D:9      | Gained mutation: Armour fits poorly on your strangely shaped body. [mutagenic meat]
  9445 | D:9      | Gained mutation: You passively map a small area around you. [mutagenic meat]
  9446 | D:9      | Gained mutation: You are resistant to hostile enchantments. (MR+) [mutagenic meat]
  9447 | D:9      | Lost mutation: Armour fits poorly on your strangely shaped body. [mutagenic meat]
  9475 | D:9      | Found a staircase to the Lair.
 10069 | D:10     | Found a staircase to the Orcish Mines.
 10193 | D:10     | Noticed Psyche
 10198 | D:10     | Killed Psyche
 10444 | D:11     | Noticed a white ugly thing
 10451 | D:11     | Killed a white ugly thing
 10451 | D:11     | Reached skill level 10 in Fighting
 10580 | D:11     | Lost mutation: You are resistant to hostile enchantments. (MR+) [mutagenic meat]
 10581 | D:11     | Gained mutation: You have a pair of large horns on your head. [mutagenic meat]
 10703 | D:11     | Reached **** piety under Wu Jian
 10862 | D:11     | Noticed a six-headed hydra
 10869 | D:11     | Killed a six-headed hydra
 10869 | D:11     | Reached skill level 10 in Armour
 11054 | D:11     | Noticed Nergalle
 11068 | D:11     | Killed Nergalle
 11322 | D:12     | Noticed a two-headed ogre
 11327 | D:12     | Killed a two-headed ogre
 11376 | D:12     | Found a deep blue altar of Sif Muna.
 11422 | D:12     | Noticed a two-headed ogre
 11427 | D:12     | Killed a two-headed ogre
 11618 | D:12     | Noticed a four-headed hydra
 11628 | D:12     | Killed a four-headed hydra
 11628 | D:12     | Reached skill level 14 in Staves
 11847 | D:12     | Found a flagged portal.
 11865 | Bailey   | Entered a bailey
 11866 | Bailey   | Noticed an orc knight
 11884 | Bailey   | HP: 5/101 [orc warrior/bolt (24)]
 11889 | Bailey   | Shot with a bolt by an orc warrior

Vault maps used:
D:1:      dpeg_arrival_leaves_temple_mockup, serial_curves, eino_curves_01,
          eino_curves_04, hangedman_decor_riveting, minmay_lizard_king
D:2:      nemelex_lonely_heart_becter
D:4:      serial_shops, shop
D:5:      temple_green, serial_co_window_serial, co_window_paths_a,
          co_window_corner_a, co_window_paths_b, co_window_corner_a,
          co_window_paths_a, co_window_of_opportunity_b,
          co_window_of_opportunity_b, co_window_broadway_a, co_window_corner_b,
          co_window_of_opportunity_c, co_window_paths_e, co_window_paths_d,
          first_bread, hex_medium, bloody_trog, uniq_pikel, uniq_blork_the_orc
D:8:      nemelex_xobeh_ov_fountains_minmay, blue_anna_alchemist
D:9:      lair_entry_dummy, kennysheep_boxes
D:10:     orc_0_dummy, uniq_psyche
D:11:     serial_shops, shop, uniq_nergalle
D:12:     lightli_bailey_entry_fortress, basic_altar
Temple:   minmay_crystal_snake_temple
Bailey:   bailey_polearm_4, bailey

Skill      XL: |  1  2  3  4  5  6  7  8  9 10 11 |
---------------+----------------------------------+-----
Staves         | 4 5 6 8 9 11 12 14 | 14.0
Fighting       | 3 4 5 6 8 9 10 | 10.9
Armour         | 1 2 3 5 6 7 9 10 | 10.8
Throwing       | 3 4 5 6 8 9 |  9.3
Dodging        | |  3.2

Action                   |  1- 3 |  4- 6 |  7- 9 | 10-12 || total
-------------------------+-------+-------+-------+-------++-------
Melee: Quarterstaff      |    88 |    66 |   260 |   438 ||   852
       Headbutt          |    17 |    11 |    38 |   103 ||   169
Throw: Tomahawk          |       |       |       |    15 ||    15
       Javelin           |       |       |       |    14 ||    14
  Use: Scroll            |       |     5 |       |    10 ||    15
 Stab: Sleeping          |     1 |     1 |       |       ||     2
  Eat: Chunk             |     2 |     2 |    15 |    22 ||    41
       Fruit             |       |     1 |       |     1 ||     2
       Bread ration      |       |       |       |     1 ||     1
Armor: Leather armour    |    15 |    10 |    19 |       ||    44
       Scale mail        |       |       |    16 |       ||    16
       Chain mail        |       |       |    55 |   171 ||   226
Dodge: Dodged            |    45 |    34 |    84 |   123 ||   286
Block: Other             |       |       |    12 |    27 ||    39
       Reflection        |       |       |       |     2 ||     2
